 Dungeon Crawl Stone Soup version 0.25.1-4-g9407a263a5 (webtiles) character file.

Game seed: 989848147167361036

13144 Gabide the Spear-Bearer (level 12, -3/91 HPs)
             Began as a Human Berserker on Nov 29, 2020.
             Was an Elder of Trog.
             Slain by a bullfrog (4 damage)
             ... on level 13 of the Dungeon.
             The game lasted 00:40:06 (11156 turns).

Gabide the Spear-Bearer (Human Berserker)          Turns: 11156, Time: 00:40:07

Health: -3/91      AC: 19    Str: 22    XL:     12   Next: 29%
Magic:  11/11      EV:  9    Int:  7    God:    Trog [****..]
Gold:   523        SH:  5    Dex: 14    Spells: 11/11 levels left

rFire    . . .     SeeInvis .   B - +6 halberd
rCold    . . .     Gourm    .   (shield currently unavailable)
rNeg     + . .     Faith    .   l - +0 plate armour
rPois    .         Spirit   .   C - +0 helmet
rElec    .         Reflect  +   I - scarf {repulsion}
rCorr    .         Harm     .   D - +0 pair of gloves
MR       ++...                  g - +0 pair of boots
Stlth    ..........             b - amulet of reflection
HPRegen  1.25/turn              f - ring of positive energy
MPRegen  0.12/turn              o - +4 ring of slaying

@: lethally poisoned (-3 -> -3), about to teleport, regenerating, repel missiles
A: blurry vision 1, low mp 1
a: Berserk, Trog's Hand, Brothers in Arms, Renounce Religion


You were on level 13 of the Dungeon.
You worshipped Trog.
Trog was greatly pleased with you.
You were very hungry.

You visited 1 branch of the dungeon, and saw 12 of its levels.

You collected 635 gold pieces.
You spent 112 gold pieces at shops.

Inventory:

Hand Weapons
 B - a +6 halberd (weapon)
Armour
 g - a +0 pair of boots (worn)
 l - a +0 plate armour (worn)
 C - a +0 helmet (worn)
 D - a +0 pair of gloves (worn)
 I - a scarf of repulsion (worn)
Jewellery
 b - an amulet of reflection (around neck)
 f - a ring of positive energy (left hand)
 h - an uncursed ring of protection from magic {unknown}
 i - an uncursed amulet of magic regeneration {unknown}
 k - an uncursed ring of poison resistance
 o - a +4 ring of slaying (right hand)
 p - a cursed -4 ring of evasion {unknown}
 q - a +4 ring of protection {unknown}
 s - a cursed ring of teleportation {unknown}
 t - an uncursed ring of protection from cold {unknown}
 E - a cursed amulet of inaccuracy {unknown}
 K - an uncursed ring of flight {unknown}
Wands
 a - a wand of iceblast (25)
 j - a wand of flame (14)
 u - a wand of acid (15)
 v - a wand of disintegration (15)
 G - a wand of random effects (21)
Scrolls
 d - a scroll of remove curse
 m - 2 scrolls of magic mapping
 n - a scroll of fog
Potions
 e - 2 potions of flight
 w - a potion of mutation {unknown}
 x - a potion of ambrosia {unknown}
 A - a potion of resistance {unknown}
 F - a potion of cancellation
 H - a potion of stabbing {unknown}
 J - a potion of degeneration {unknown}
Comestibles
 c - 25 rations
 z - 5 chunks of flesh


   Skills:
 + Level 7.5 Fighting
 * Level 13.8 Polearms
 - Level 0.4 Throwing
 * Level 10.3 Armour
 + Level 4.3 Dodging
 - Level 0.7 Evocations


You had 11 spell levels left.
You didn't know any spells.
Your spell library was empty.

Dungeon Overview and Level Annotations

Branches:
Dungeon (11/15)            Temple (0/1) D:6            Lair (0/6) D:10
    Orc: D:9-12

Altars:
Dithmenos
Elyvilon
Hepliaklqana
Kikubaaqudgha
Nemelex Xobeh
Ru
Sif Muna
The Shining One
Lugonu

Shops:
D:6 (   D:7 ?


Innate Abilities, Weirdness & Mutations

Scrolls take you a little longer to read.
Your magical capacity is low. (-10% MP)


Message History

You are lethally poisoned!
The killer bee poisons you!
Unknown command.
Okay, then.
Your ogre goes berserk!
You are feeling very hungry.
Trog will no longer gift you weapons.
You feel sick.
The killer bee stings you but does no damage.
The killer bee barely misses you.
The killer bee stings you but does no damage.
The killer bee closely misses you.
The bullfrog hits you but does no damage.
The two-headed ogre hits your ogre with a +0 giant club.
The two-headed ogre hits your ogre with a cursed +0 giant spiked club!!
The killer bee stings you but does no damage. x2
You feel sick.
The killer bee stings you but does no damage.
The bullfrog hits you.
You die...

...........#
...........#
#....#..#..#
...........#
...$.......#
..$$T......#
...........#
#....#F@#y.#
.....OO.y..#
.......yy..#
#.[.l#..#..#
..........[#
...........#
############


You could see a two-headed ogre, a troll, a bullfrog, an iguana, 4 killer bees
and a friendly ogre (summoned, berserk).

Vanquished Creatures
  Josephine (D:11)
  A hydra (D:8)
  2 two-headed ogres
  Pikel (D:9)
  Psyche (D:9)
  A kobold demonologist (D:11)
  Maggie (D:9)
  2 trolls (D:11)
  A slime creature (D:11)
  2 dream sheep (D:8)
  3 hippogriffs
  A meliai zombie (D:11)
  Sigmund (D:5)
  3 wraiths (D:11)
  3 yaks
  Menkaure (D:5)
  A vampire mosquito (D:11)
  Edmund (D:5)
  A soldier ant (D:11)
  2 porcupines (D:10)
  3 orc warriors
  A phantom (D:8)
  2 black bears (D:10)
  An eye of draining (D:9)
  6 ogres
  5 centaurs
  2 crocodiles
  10 bullfrogs
  5 big kobolds
  2 scorpions (D:10)
  5 killer bees
  5 howler monkeys
  5 wights
  A bullfrog zombie (D:10)
  A centaur zombie (D:8)
  4 crimson imps
  6 hounds
  A centaur skeleton (D:6)
  2 jellies
  3 bullfrog skeletons
  4 orc priests
  A gnoll shaman (D:5)
  19 orc wizards
  8 iguanas
  9 worker ants
  A killer bee zombie (D:9)
  3 hound skeletons
  A howler monkey zombie (D:8)
  3 worker ant zombies
  5 gnolls (D:5)
  A howler monkey skeleton (D:4)
  14 adders
  4 shadow imps
  2 oozes
  An adder zombie (D:3)
  An adder skeleton (D:4)
  2 dart slugs
  3 leopard geckos
  29 orcs
  3 giant cockroaches
  14 goblins
  8 hobgoblins
  13 jackals
  15 kobolds
  7 quokkas
  2 ball pythons
  A ball python zombie (D:5)
  7 bats
  7 frilled lizards
  A leopard gecko zombie (D:7)
  2 quokka skeletons (D:9)
  7 rats
  2 fungi (D:10)
300 creatures vanquished.

Vanquished Creatures (collateral kills)
  A steam dragon (D:10)
  An orc warrior (D:10)
  A howler monkey (D:10)
  An orc wizard (D:10)
  A fungus (D:10)
5 creatures vanquished.

Vanquished Creatures (others)
  A water moccasin (D:10)
  2 orcs (D:10)
  13 fungi (D:10)
  2 plants (D:10)
18 creatures vanquished.

Grand Total: 323 creatures vanquished

Notes
Turn   | Place    | Note
-------+----------+-------------------------------------------
     0 | D:1      | Gabide the Human Berserker began the quest for the Orb.
     0 | D:1      | Reached XP level 1. HP: 18/18 MP: 1/1
   207 | D:1      | Reached XP level 2. HP: 17/24 MP: 2/2
   867 | D:1      | Reached ** piety under Trog
  1002 | D:2      | Reached XP level 3. HP: 29/29 MP: 3/3
  1055 | D:2      | Found a faded altar of an unknown god.
  1283 | D:2      | Reached skill level 4 in Polearms
  1300 | D:2      | Reached XP level 4. HP: 35/35 MP: 4/4
  2731 | D:4      | Noticed a bullfrog
  2733 | D:4      | Reached XP level 5. HP: 36/41 MP: 5/5
  2750 | D:4      | Killed a bullfrog
  2755 | D:4      | Reached skill level 5 in Polearms
  2755 | D:4      | Reached XP level 6. HP: 11/47 MP: 6/6
  3009 | D:4      | Reached *** piety under Trog
  3048 | D:4      | Noticed an ogre
  3056 | D:4      | Killed an ogre
  3056 | D:4      | Reached XP level 7. HP: 52/53 MP: 7/7
  3305 | D:4      | Found a sparkling altar of Nemelex Xobeh.
  3382 | D:5      | Entered Level 5 of the Dungeon
  3386 | D:5      | Noticed Sigmund
  3401 | D:5      | Killed Sigmund
  3401 | D:5      | Reached skill level 6 in Polearms
  3444 | D:5      | Reached XP level 8. HP: 34/60 MP: 8/8
  3449 | D:5      | Reached skill level 5 in Armour
  3796 | D:5      | Noticed Edmund
  3820 | D:5      | Killed Edmund
  3933 | D:5      | Noticed Menkaure
  3941 | D:5      | Killed Menkaure
  3943 | D:5      | Reached skill level 7 in Polearms
  4316 | D:6      | Reached XP level 9. HP: 66/67 MP: 9/9
  4322 | D:6      | Reached skill level 5 in Fighting
  4497 | D:6      | Found a shimmering blue altar of Sif Muna.
  4508 | D:6      | Found a staircase to the Ecumenical Temple.
  4534 | D:6      | Found Jughen's Weapon Shoppe.
  4678 | D:6      | Reached skill level 8 in Polearms
  4800 | D:6      | Found a hazy altar of Hepliaklqana.
  4805 | D:6      | Reached **** piety under Trog
  5244 | D:7      | Noticed a hippogriff
  5254 | D:7      | Killed a hippogriff
  5628 | D:7      | Found a glowing golden altar of the Shining One.
  5870 | D:7      | Noticed a hippogriff
  5875 | D:7      | Killed a hippogriff
  5875 | D:7      | Reached skill level 9 in Polearms
  6026 | D:7      | Reached XP level 10. HP: 76/76 MP: 10/10
  6112 | D:7      | Found Bownah's Magic Scroll Shop.
  6119 | D:7      | Bought a scroll of enchant weapon for 112 gold pieces
  6310 | D:7      | Found a white marble altar of Elyvilon.
  6598 | D:8      | Found an ancient bone altar of Kikubaaqudgha.
  6621 | D:8      | Found a sacrificial altar of Ru.
  6631 | D:8      | Found a shadowy altar of Dithmenos.
  6756 | D:8      | Reached skill level 10 in Polearms
  7712 | D:8      | Noticed a two-headed hydra
  7719 | D:8      | Killed a four-headed hydra
  7719 | D:8      | Reached skill level 11 in Polearms
  8250 | D:9      | Reached XP level 11. HP: 82/82 MP: 11/11
  8275 | D:9      | Noticed Maggie
  8278 | D:9      | Noticed Psyche
  8286 | D:9      | Killed Psyche
  8290 | D:9      | Killed Maggie
  8580 | D:9      | Reached ***** piety under Trog
  8776 | D:9      | Noticed Pikel
  8794 | D:9      | Killed Pikel
  8794 | D:9      | Reached skill level 12 in Polearms
  9177 | D:10     | Entered Level 10 of the Dungeon
  9480 | D:10     | Found a staircase to the Lair.
 10258 | D:11     | Noticed a two-headed ogre
 10266 | D:11     | Killed a two-headed ogre
 10433 | D:11     | Noticed a soul eater
 10433 | D:11     | Gained mutation: Your magical capacity is low. (-10% MP) [a
                  | neqoxec]
 10436 | D:11     | Gained mutation: Scrolls take you a little longer to read.
                  | [a neqoxec]
 10438 | D:11     | Noticed a sixfirhy
 10438 | D:11     | Reached skill level 10 in Armour
 10536 | D:11     | Reached skill level 13 in Polearms
 10627 | D:11     | Found a corrupted altar of Lugonu.
 10633 | D:11     | Reached XP level 12. HP: 91/91 MP: 11/11
 10725 | D:11     | Noticed Josephine
 10738 | D:11     | Killed Josephine
 11042 | D:11     | You fall into a shaft and drop 2 floors!
 11053 | D:13     | Noticed a two-headed ogre
 11064 | D:13     | Killed a two-headed ogre
 11151 | D:13     | Noticed a two-headed ogre
 11153 | D:13     | HP: 4/91 [bullfrog (1)]
 11154 | D:13     | HP: 1/91 [killer bee (3)]
 11156 | D:13     | Slain by a bullfrog

Illustrated notes

Levels and vault maps discovered:
D:1:      lemuel_arrival_funnel, layout_basic,
          wander_ebering_terrifying_dragon_lair
D:2:      layout_basic, first_ration, chequers_ecumenical_altar_simple_redux,
          chequers_serial_rivers_small_b, minmay_diced_spiral
D:3:      layout_loops_ring, minivault_11
D:4:      kennysheep_the_goblin_king, layout_cave_pools, old_standard_altar
D:5:      layout_cave_pools, kennysheep_generic_room_8, uniq_sigmund,
          uniq_menkaure, uniq_edmund
D:6:      layout_loops_ring, nicolae_overflow_hidden_temple, led_sif_book,
          minmay_temple_entry_statues_pillars, serial_shops, shop_statue
D:7:      layout_loops_corners, overflow_temple_1_default, tso_oasis_becter,
          serial_shops, shop_statue
D:8:      minmay_bloctagon, layout_basic,
          chequers_temple_overflow_statue_of_worship, hangedman_ranch
          [blue_anna_fruit_fields]
D:9:      layout_roguey, uniq_psyche, uniq_pikel, uniq_maggie
D:10:     layout_gridville, due_lair_maze_entry_diamond, minmay_hedge_maze
D:11:     cheibrodos_fzero, layout_basic, orc_0_dummy, lemuel_hellish_altar,
          uniq_josephine
D:13:     layout_long_grid, kennysheep_dice

Skill      XL: |  1  2  3  4  5  6  7  8  9 10 11 |
---------------+----------------------------------+-----
Polearms       | 4 5 6 7 9 11 13 | 13.8
Armour         | 3 4 6 7 8 10 | 10.3
Dodging        | 3 4 |  4.3
Fighting       | 4 5 6 7 |  7.5
Throwing       | |  0.4
Evocations     | |  0.7

Action                   |  1- 3 |  4- 6 |  7- 9 | 10-12 || total
-------------------------+-------+-------+-------+-------++-------
Melee: Spear             |    90 |   168 |   253 |       ||   511
       Scythe            |       |       |    34 |       ||    34
       Halberd           |       |       |    30 |   434 ||   464
Throw: Throwing net      |       |     1 |     4 |       ||     5
Invok: Berserk           |       |     3 |     5 |     6 ||    14
       Trog's Hand       |       |     2 |     5 |     7 ||    14
       Brothers in Arms  |       |       |       |     3 ||     3
Evoke: Wand              |       |     4 |       |     5 ||     9
  Use: Scroll            |     9 |     4 |     8 |    10 ||    31
       Potion            |       |     1 |     2 |     4 ||     7
 Stab: Sleeping          |     2 |       |       |       ||     2
  Eat: Chunk             |     1 |    10 |     7 |     9 ||    27
       Ration            |       |       |     3 |     4 ||     7
Armor: Animal skin       |     6 |       |       |       ||     6
       Ring mail         |    11 |    40 |    39 |       ||    90
       Plate armour      |       |       |    37 |   296 ||   333
Dodge: Dodged            |    38 |    75 |   115 |   126 ||   354
       Repelled          |       |       |       |     1 ||     1
Block: Other             |       |       |    61 |    88 ||   149
       Reflection        |       |       |     5 |     3 ||     8
